 Dungeon Crawl Stone Soup version 0.25.0-11-g1f837a76a1 (console) character file.

Game seed: 7619540064025951437

133 bli the Insei (level 4, -1/36 HPs)
             Began as a Draconian Transmuter on June 27, 2020.
             Slain by a phantom (8 damage)
             ... on level 3 of the Dungeon.
             The game lasted 00:08:05 (2417 turns).

bli the Insei (Draconian Transmuter)                Turns: 2417, Time: 00:08:05

Health: -1/36      AC:  5    Str: 12    XL:     4   Next: 93%
Magic:  2/7        EV: 12    Int: 14    God:
Gold:   144        SH:  0    Dex: 12    Spells: 1/7 levels left

rFire    . . .     SeeInvis .     - Unarmed
rCold    . . .     Gourm    .   (no shield)
rNeg     . . .     Faith    .   (armour unavailable)
rPois    .         Spirit   .   (helmet restricted)
rElec    .         Reflect  .   (no cloak)
rCorr    .         Harm     .   (no gloves)
MR       .....                  (boots currently unavailable)
Stlth    +.........             (no amulet)
HPRegen  0.12/turn              (no ring)
MPRegen  0.10/turn              (no ring)

@: appendage, very slightly contaminated
A: unfitting armour, talons 3, cold-blooded, AC +5
a: End Transformation


You were on level 3 of the Dungeon.
You were not hungry.
You had grown temporary talons.
You visited 1 branch of the dungeon, and saw 3 of its levels.

You collected 144 gold pieces.

Inventory:

Missiles
 a - 6 arrows
 b - a throwing net (quivered)
 e - 107 stones
 j - 22 poisoned darts
 o - 2 boomerangs
Scrolls
 g - 2 scrolls of remove curse {unknown}
 h - 2 scrolls of magic mapping {unknown}
 m - a scroll of identify {unknown}
Potions
 d - a potion of mutation {unknown}
 f - a potion of haste {unknown}
 i - 2 potions of might {unknown}
 k - a potion of lignification {unknown}
 l - 2 potions of resistance {unknown}
Comestibles
 c - 4 rations


   Skills:
 + Level 2.1 Fighting
 * Level 2.5 Dodging
 + Level 4.6 Unarmed Combat
 + Level 2.3 Spellcasting
 + Level 2.0 Transmutations
 * Level 0.6 Poison Magic


You had one spell level left.
You knew the following spells:

 Your Spells              Type           Power        Failure   Level  Hunger
a - Beastly Appendage     Tmut           #.....       10%         1    #......
b - Sticks to Snakes      Tmut           #.......     16%         2    ###....
S - Spider Form           Tmut/Pois      #.........   38%         3    ###....

Your spell library contained the following spells:

 Spells                   Type           Power        Failure   Level  Hunger
 Ice Form                 Ice/Tmut       #.......     83%         4    #####..
 Blade Hands              Tmut           #.........   95%         5    ######.


Dungeon Overview and Level Annotations

Branches:
Dungeon (3/15)

Altars:
Nemelex Xobeh
Zin


Innate Abilities, Weirdness & Mutations

Your plain brown scales are hard. (AC +5)
You cannot fit into any form of body armour.
You are cold-blooded and may be slowed by cold attacks.
You have claws for feet.


Message History

Casting: Beastly Appendage (safe; 10% risk of failure)
Confirm with . or Enter, or press ? or * to list all spells.
You miscast Sticks to Snakes.
Nothing appears to happen.
The phantom hits you!
You closely miss the phantom. You claw the phantom, but do no damage.
You tail-slap the phantom.
The phantom is lightly damaged.
The phantom hits you.
You hit the phantom. Your kick misses the phantom.
The phantom is moderately damaged.
The phantom barely misses you.
You miss the phantom.
The phantom is moderately damaged.
The phantom hits you.
* * * LOW HITPOINT WARNING * * *
You hit the phantom.
The phantom is moderately damaged.
The phantom hits you but does no damage.
You hit the phantom. You tail-slap the phantom.
The phantom is heavily damaged.
The phantom hits you!
You die...

####.## #...
##.....#
#....# #..
##.#### #.##.#
#.. #.# #.##.#
#.# #.# .....#
#.## #.#
#.#### #.##
#.# #.# ##.##
#.# #.# ##.#
#.# #.# ##.##
#.# #..
##W########.#
###
#.@.........#
#.############
#. #. #. #. #.
#.


You could see a phantom.

Vanquished Creatures
  Robin (D:2)
  2 adders
  An ooze (D:1)
  A worm (D:2)
  2 dart slugs
  A leopard gecko (D:3)
  4 orcs (D:3)
  2 giant cockroaches (D:1)
  16 goblins
  8 hobgoblins
  5 bats
  4 frilled lizards
  4 kobolds
  7 rats
58 creatures vanquished.

Vanquished Creatures (collateral kills)
  An orc priest (D:3)
  An adder (D:2)
  A worm (D:2)
  A goblin (D:2)
4 creatures vanquished.

Grand Total: 62 creatures vanquished

Notes
Turn   | Place    | Note
-------+----------+-------------------------------------------
     0 | D:1      | bli the Draconian Transmuter began the quest for the Orb.
     0 | D:1      | Reached XP level 1. HP: 16/16 MP: 3/3
   196 | D:1      | Reached XP level 2. HP: 23/23 MP: 3/5
   667 | D:1      | Reached XP level 3. HP: 28/29 MP: 6/6
   935 | D:1      | Reached skill level 4 in Unarmed Combat
  1041 | D:2      | Learned a level 2 spell: Sticks to Snakes
  1076 | D:2      | Found a glowing silver altar of Zin.
  1076 | D:2      | Noticed an angel
  1162 | D:2      | Noticed Robin
  1179 | D:2      | Killed Robin
  1214 | D:2      | Reached XP level 4. HP: 24/36 MP: 7/7
  1351 | D:2      | Learned a level 3 spell: Spider Form
  1865 | D:2      | Found a sparkling altar of Nemelex Xobeh.
  2390 | D:3      | Noticed a phantom
  2417 | D:3      | Slain by a phantom

Illustrated notes

Levels and vault maps discovered:
D:1:      dpeg_arrival_three_same_balls, layout_basic, nrook_campfire
D:2:      layout_basic, zin_angel, nemelex_spade_bored_becter, uniq_robin
D:3:      layout_loops_corners, marbit_many_paths

Skill      XL: |  1  2  3 |
---------------+----------+-----
Fighting       | 2 |  2.1
Unarmed Combat | 4 |  4.6
Dodging        | 2 |  2.5
Spellcasting   | |  2.3
Transmutations | |  2.0
Poison Magic   | |  0.6

Action                   |  1- 3 |  4- 6 || total
-------------------------+-------+-------++-------
Melee: Unarmed           |   101 |    87 ||   188
       Kick              |     7 |     3 ||    10
       Tailslap          |     6 |    13 ||    19
       Headbutt          |     1 |     2 ||     3
       Punch             |     1 |     1 ||     2
 Cast: Beastly Appendage |    20 |    12 ||    32
       Sticks to Snakes  |     3 |     3 ||     6
 Stab: Sleeping          |     1 |     1 ||     2
       Distracted        |     1 |       ||     1
  Eat: Chunk             |     1 |     5 ||     6
Armor: Skin              |    27 |    18 ||    45
Dodge: Dodged            |    70 |    42 ||   112
